 Dungeon Crawl Stone Soup version 0.21.0-22-g11d5b52 (webtiles) character file.

26247 mistymad the Destroyer (level 12, -9/104 HPs)
             Began as a Red Draconian Conjurer on Jan 19, 2018.
             Was an Elder of Sif Muna.
             Mangled by a death yak (26 damage)
             ... on level 2 of the Lair of Beasts.
             The game lasted 01:26:17 (24031 turns).

mistymad the Destroyer (Red Draconian Conjurer)    Turns: 24031, Time: 01:26:17

Health: -9/104     AC:  9    Str: 10    XL:     12   Next: 96%
Magic:  1/27       EV: 12    Int: 24    God:    Sif Muna [****..]
Gold:   463        SH:  2    Dex: 12    Spells: 4/34 levels left

rFire    + . .     SeeInvis +   q - +0 dagger (protect)
rCold    . . .     Gourm    .   (no shield)
rNeg     . . .     Faith    .   (armour unavailable)
rPois    .         Spirit   .   t - +0 hat {SInv}
rElec    .         Reflect  +   (no cloak)
rCorr    .         Harm     .   i - +0 pair of gloves
MR       .....                  (no boots)
Stlth    ++........             K - +2 amulet of reflection
HPRegen  0.27/turn              y - +3 ring of intelligence
MPRegen  0.20/turn              M - ring of wizardry

@: divine energy
A: breathe fire, unfitting armour, fire resistance 1, cold-blooded, AC +8
a: Breathe Fire, Stop Divine Energy, Channel Magic, Forget Spell, Renounce
Religion


You were on level 2 of the Lair of Beasts.
You worshipped Sif Muna.
Sif Muna was greatly pleased with you.
You were not hungry.

You visited 3 branches of the dungeon, and saw 15 of its levels.

You collected 606 gold pieces.
You spent 143 gold pieces at shops.

Inventory:

Hand Weapons
 q - a +0 dagger of protection (weapon)
Missiles
 g - 240 stones (quivered)
 j - 2 throwing nets
 C - 106 arrows
Armour
 f - a +0 large shield
 i - a +0 pair of gloves (worn)
 t - a +0 hat of see invisible (worn)
 A - a cursed +0 shield
Jewellery
 l - an uncursed ring of positive energy
 p - an uncursed ring of ice
 y - a +3 ring of intelligence (left hand)
 K - a +2 amulet of reflection (around neck)
 M - a ring of wizardry (right hand)
 R - an uncursed amulet of guardian spirit {unknown}
Wands
 r - a wand of paralysis (33)
 w - a wand of flame (29)
 B - a wand of digging (18)
 E - a wand of scattershot (5)
 P - a wand of clouds (5)
Scrolls
 d - 5 scrolls of remove curse
 e - 2 scrolls of blinking
 h - 7 scrolls of teleportation
 k - 9 scrolls of magic mapping
 o - 2 scrolls of fog
 u - 2 scrolls of fear
 z - 2 scrolls of enchant armour
 D - a scroll of vulnerability
 G - a scroll of immolation
Potions
 c - 3 potions of agility
 m - a potion of haste
 s - a potion of brilliance
 x - a potion of mutation {!q}
Books
 a - a book of Conjurations

   Spells                             Type                      Level
   a - Magic Dart                     Conjuration                  1
   b - Searing Ray                    Conjuration                  2
   c - Dazzling Spray                 Conjuration/Hexes            3
   d - Fulminant Prism                Conjuration/Hexes            4
   e - Force Lance                    Conjuration/Translocation    4
   f - Iskenderun's Mystic Blast      Conjuration                  4
 n - a book of the Dragon {god gift}

   Spells                             Type                      Level
   a - Flame Tongue                   Conjuration/Fire             1
   b - Cause Fear                     Hexes                        4
   c - Bolt of Fire                   Conjuration/Fire             6
   d - Dragon Form                    Transmutation                7
   e - Dragon's Call                  Summoning                    9
 v - a book of Geomancy

   Spells                             Type                      Level
   a - Sandblast                      Earth                        1
   b - Passwall                       Transmutation/Earth          2
   c - Stone Arrow                    Conjuration/Earth            3
   d - Petrify                        Transmutation/Earth          4
   e - Lee's Rapid Deconstruction     Earth                        5
 H - a book of Maledictions

   Spells                             Type                      Level
   a - Corona                         Hexes                        1
   b - Ensorcelled Hibernation        Hexes/Ice                    2
   c - Confuse                        Hexes                        3
   d - Tukima's Dance                 Hexes                        3
   e - Dazzling Spray                 Conjuration/Hexes            3
 I - a book of Maledictions

   Spells                             Type                      Level
   a - Corona                         Hexes                        1
   b - Ensorcelled Hibernation        Hexes/Ice                    2
   c - Confuse                        Hexes                        3
   d - Tukima's Dance                 Hexes                        3
   e - Dazzling Spray                 Conjuration/Hexes            3
 N - a book of Minor Magic

   Spells                             Type                      Level
   a - Magic Dart                     Conjuration                  1
   b - Blink                          Translocation                2
   c - Call Imp                       Summoning                    2
   d - Slow                           Hexes                        2
   e - Conjure Flame                  Conjuration/Fire             3
   f - Mephitic Cloud                 Conjuration/Poison/Air       3
Miscellaneous
 Q - a lightning rod (4/4)
Comestibles
 b - 25 rations


   Skills:
 + Level 9.0 Fighting
 - Level 1.7 Dodging
 - Level 1.7 Stealth
 + Level 4.6 Shields
 + Level 11.7 Spellcasting
 - Level 12.6 Conjurations
 - Level 3.0 Hexes
 - Level 3.0 Translocations
 - Level 5.0 Earth Magic
 - Level 7.0 Invocations


You had 4 spell levels left.
You knew the following spells:

 Your Spells              Type           Power        Failure   Level  Hunger
a - Lee's Rapid Deconstr  Erth           #####.....   6%          5    ###....
c - Dazzling Spray        Conj/Hex       ######       1%          3    None
d - Iskenderun's Mystic   Conj           ######..     1%          4    None
e - Passwall              Tmut/Erth      ####......   1%          2    None
f - Tukima's Dance        Hex            ####....     1%          3    None
h - Force Lance           Conj/Tloc      ######..     1%          4    None
i - Petrify               Tmut/Erth      ####....     6%          4    None
j - Blink                 Tloc           N/A          1%          2    None
k - Mephitic Cloud        Conj/Pois/Air  ####....     1%          3    None


Dungeon Overview and Level Annotations

Branches:
Dungeon (11/15)            Temple (1/1) D:4            Lair (3/6) D:10
  Swamp: Lair:2-4    Shoals: Lair:2-4     Snake: Lair:2-4    Spider: Lair:2-4
    Orc: D:9-12

Altars:
Ashenzari
Cheibriados
Dithmenos
Elyvilon
Fedhas
Gozag
Hepliaklqana
Kikubaaqudgha
Makhleb
Nemelex Xobeh
Okawaru
Qazlal
Ru
Sif Muna
Trog
Uskayaw
Vehumet
Wu Jian
Xom
Yredelemnul
Zin
The Shining One

Shops:
D:5 [   D:6 %   D:7 !*

Annotations:
D:5 2 transporters, 1 exclusion


Innate Abilities, Weirdness & Mutations

You can breathe blasts of fire.
Your fiery red scales are hard. (AC +8)
You cannot fit into any form of body armour.
Your flesh is heat resistant. (rF+)
You are cold-blooded and may be slowed by cold attacks.


Message History

You now have 1/27 mp.
Aim: a death yak (almost dead, blind)
The orb of energy hits the death yak.
The orb of energy explodes!
Sif Muna grants you divine energy.
You briefly lose access to your magic!
The death yak is no longer blind.
The death yak gores you!
You take 12 damage, and have 35/104 hp.
You now have 0/27 mp.
You are unable to access your magic!
Drop what? 40/52 slots (_ for help) (? for menu, Esc to quit)
Drop what? 40/52 slots (_ for help) (? for menu, Esc to quit)
Okay, then.
The death yak gores you!!
* * * LOW HITPOINT WARNING * * *
You climb upwards.
There is a stone staircase leading down, spattered with blood here.
You take 19 damage, and have 16/104 hp.
Unknown command.
You regain access to your magic.
The death yak gores you!!
You die...

##..####..............
#....##..!..#.###...P.
##.........#### #####.
##.........# #.
#....†.....##########.
##..........P#.#.P#...
#P....................
##..>Y.................
#.....@................
####.#...#.#.#P####.###
############# ###


You could see a death yak.

Vanquished Creatures
  A hydra (Lair:1)
  5 death yaks
  A two-headed ogre (D:8)
  The ghost of Brandom the Slicer, a novice VSWn of Uskayaw (D:9)
  A skeletal warrior (D:11)
  A swamp dragon (D:11)
  2 oklob plants (Lair:2)
  3 elephants
  A black mamba (Lair:2)
  Psyche (D:8)
  Joseph (D:8)
  4 spiny frogs
  A rime drake (Lair:2)
  4 komodo dragons
  A troll (D:10)
  Prince Ribbit (D:8)
  2 hornets (D:10)
  8 blink frogs
  6 hippogriffs
  A human (D:8)
  17 yaks
  The ghost of p0werm0de the Sneak, an amateur GnAs of Ashenzari (D:4)
  Grum (D:8)
  Menkaure (D:6)
  6 porcupines
  2 soldier ants (Lair:3)
  4 orc warriors
  5 water moccasins
  5 ice beasts
  A sky beast (D:11)
  3 black bears
  A necrophage (D:8)
  7 ogres
  2 phantoms
  4 centaurs
  3 wolves
  6 crocodiles
  A big kobold (D:9)
  19 bullfrogs
  A gnoll sergeant (D:9)
  6 scorpions
  13 killer bees
  4 wights (D:6)
  A howler monkey (D:7)
  A centaur zombie (D:8)
  7 crimson imps
  2 hounds
  2 centaur skeletons
  6 orc priests
  2 bullfrog skeletons
  5 iguanas
  15 orc wizards
  13 worker ants
  A worker ant zombie (D:8)
  11 gnolls
  16 adders
  2 shadow imps
  An ooze (D:1)
  An adder zombie (D:4)
  4 worms
  6 dart slugs
  3 leopard geckos
  33 orcs
  5 bats
  7 giant cockroaches
  5 goblins
  2 hobgoblins
  4 jackals
  10 kobolds
  3 quokkas
  2 ball pythons
  5 frilled lizards
  A leopard gecko skeleton (D:6)
  2 quokka zombies
  4 rats
  2 plants (Lair:2)
343 creatures vanquished.

Vanquished Creatures (others)
  An orc wizard (D:6)
  An adder zombie (D:8)
  11 fulminant prisms
  12 fungi
  A plant (Lair:2)
26 creatures vanquished.

Grand Total: 369 creatures vanquished

Notes
Turn   | Place    | Note
-------+----------+-------------------------------------------
     0 | D:1      | mistymad the Draconian Conjurer began the quest for the Orb.
     0 | D:1      | Reached XP level 1. HP: 14/14 MP: 3/3
   212 | D:1      | Reached XP level 2. HP: 19/20 MP: 0/5
   786 | D:2      | Reached XP level 3. HP: 26/26 MP: 1/7
  1087 | D:2      | Learned a level 2 spell: Searing Ray
  1091 | D:2      | Learned a level 3 spell: Dazzling Spray
  1513 | D:2      | Reached XP level 4. HP: 33/33 MP: 3/8
  1711 | D:2      | Reached skill level 5 in Conjurations
  1781 | D:2      | Found an ornate altar of the Wu Jian Council.
  2090 | D:3      | Reached XP level 5. HP: 34/38 MP: 10/10
  2206 | D:3      | Found an iron altar of Okawaru.
  2253 | D:3      | Found a shadowy altar of Dithmenos.
  2291 | D:3      | Found a radiant altar of Vehumet.
  2578 | D:3      | Found a white marble altar of Elyvilon.
  2689 | D:3      | Found a stormy altar of Qazlal.
  2691 | D:3      | Found a shimmering altar of Xom.
  2864 | D:4      | Noticed a phantom
  2970 | D:4      | Killed a phantom
  2970 | D:4      | Reached XP level 6. HP: 30/45 MP: 2/12
  3074 | D:4      | Reached skill level 6 in Conjurations
  3801 | D:4      | Reached skill level 5 in Spellcasting
  3844 | D:4      | Noticed p0werm0de's ghost (amateur GnAs)
  4098 | D:4      | Your scales start taking on a fiery red colour.
  4098 | D:4      | Reached XP level 7. HP: 50/50 MP: 9/14
  4098 | D:4      | Gained mutation: Your flesh is heat resistant. (rF+) [Red Draconian growth]
  4154 | D:4      | Killed p0werm0de's ghost
  4328 | D:4      | Found a sacrificial altar of Ru.
  4370 | D:4      | Found a staircase to the Ecumenical Temple.
  4382 | D:4      | Reached skill level 7 in Conjurations
  4630 | Temple   | Entered the Ecumenical Temple
  4815 | Temple   | Became a worshipper of Sif Muna the Loreminder
  5047 | D:5      | Entered Level 5 of the Dungeon
  5059 | D:5      | Found a glowing silver altar of Zin.
  5061 | D:5      | Noticed a hippogriff
  5064 | D:5      | Found a transporter.
  5135 | D:5      | Found a transporter.
  5320 | D:5      | Learned a level 4 spell: Iskenderun's Mystic Blast
  5323 | D:5      | Learned a level 2 spell: Passwall
  5386 | D:5      | Found Kuhoitin's Armour Shop.
  5645 | D:5      | Bought a +0 hat of see invisible for 143 gold pieces
  5949 | D:6      | Reached XP level 8. HP: 57/57 MP: 8/17
  6145 | D:6      | Reached skill level 8 in Conjurations
  6520 | D:6      | Reached skill level 1 in Hexes
  6873 | D:6      | Found Ilangaar's Food Boutique.
  7086 | D:6      | Noticed Menkaure
  7330 | D:6      | Reached * piety under Sif Muna
  7552 | D:6      | Killed Menkaure
  8091 | D:7      | Reached XP level 9. HP: 62/62 MP: 13/20
  8138 | D:7      | Found Gozag's Platinum Reserve.
  8139 | D:7      | Found an opulent altar of Gozag.
  8180 | D:7      | Reached skill level 9 in Conjurations
  8384 | D:7      | Reached ** piety under Sif Muna
  8664 | D:7      | Found Limuxedo's Distillery.
  8814 | D:7      | Found a snail-covered altar of Cheibriados.
  9441 | D:8      | Found a hazy altar of Hepliaklqana.
  9601 | D:8      | Noticed Grum
  9606 | D:8      | Reached skill level 10 in Conjurations
  9615 | D:8      | Reached *** piety under Sif Muna
  9984 | D:8      | Killed Grum
 10415 | D:7      | Reached skill level 1 in Fighting
 10415 | D:7      | Reached XP level 10. HP: 37/71 MP: 1/23
 10578 | D:8      | Noticed Psyche
 10580 | D:8      | Killed Psyche
 10580 | D:8      | Reached skill level 1 in Invocations
 10623 | D:8      | Noticed a two-headed ogre
 10626 | D:8      | Noticed Joseph
 10796 | D:8      | Killed a two-headed ogre
 11115 | D:8      | Noticed Prince Ribbit
 11142 | D:8      | Killed Prince Ribbit
 11142 | D:8      | Reached skill level 11 in Conjurations
 11274 | D:8      | Reached **** piety under Sif Muna
 11551 | D:8      | Killed Joseph
 11702 | D:8      | Learned a level 3 spell: Tukima's Dance
 12328 | D:9      | Reached skill level 10 in Spellcasting
 12440 | D:9      | Found a glowing golden altar of the Shining One.
 13007 | D:9      | Learned a level 4 spell: Fulminant Prism
 13168 | D:9      | Found an iron altar of Okawaru.
 13281 | D:9      | Noticed Brandom's ghost (novice VSWn)
 13467 | D:9      | Killed Brandom's ghost
 13467 | D:9      | Reached skill level 5 in Fighting
 13467 | D:9      | Reached XP level 11. HP: 77/86 MP: 4/25
 13578 | D:9      | Learned a level 4 spell: Force Lance
 13793 | D:10     | Entered Level 10 of the Dungeon
 14012 | D:10     | Reached skill level 5 in Invocations
 14085 | D:10     | Reached skill level 1 in Translocations
 14366 | D:10     | Found a staircase to the Lair.
 14668 | D:10     | Learned a level 4 spell: Petrify
 14726 | D:10     | Learned a level 2 spell: Blink
 15245 | D:11     | Noticed a skeletal warrior
 15252 | D:11     | Killed a skeletal warrior
 15252 | D:11     | Reached skill level 1 in Earth Magic
 15938 | D:11     | Noticed a skeletal warrior
 15938 | D:11     | Noticed a two-headed ogre
 16011 | D:11     | Noticed a swamp dragon
 16028 | D:11     | Killed a swamp dragon
 16571 | Lair:1   | Entered Level 1 of the Lair of Beasts
 16823 | Lair:1   | Noticed a four-headed hydra
 16831 | Lair:1   | Killed a four-headed hydra
 17050 | Lair:1   | Reached skill level 12 in Conjurations
 17704 | Lair:1   | Reached ***** piety under Sif Muna
 18567 | Lair:1   | Reached XP level 12. HP: 78/100 MP: 0/26
 19359 | Lair:2   | Received a gift from Sif Muna
 19359 | Lair:2   | Reached skill level 1 in Shields
 19365 | Lair:2   | Learned a level 3 spell: Mephitic Cloud
 21527 | Lair:3   | Reached skill level 5 in Earth Magic
 22036 | Lair:3   | Noticed a death yak
 22037 | Lair:3   | Noticed a death yak
 22038 | Lair:3   | Noticed a death yak
 22327 | Lair:2   | HP: 5/101 [poisoned by a water moccasin]
 22332 | Lair:2   | HP: 5/101 [poisoned by a water moccasin]
 22339 | Lair:2   | HP: 4/101 [poisoned by a water moccasin]
 22347 | Lair:2   | HP: 5/101 [poisoned by a water moccasin]
 23287 | Lair:3   | Noticed a death yak
 23288 | Lair:3   | Noticed a death yak
 23290 | Lair:3   | Noticed a death yak
 23337 | Lair:2   | Killed a death yak
 23389 | Lair:2   | Killed a death yak
 23558 | Lair:3   | Killed a death yak
 23595 | Lair:2   | Killed a death yak
 23843 | Lair:2   | Learned a level 5 spell: Lee's Rapid Deconstruction
 23884 | Lair:2   | Killed a death yak
 24031 | Lair:2   | Mangled by a death yak

Skill      XL: |  1  2  3  4  5  6  7  8  9 10 11 12 |
---------------+-------------------------------------+-----
Spellcasting   | 3 4 5 6 7 9 10 11 | 11.7
Conjurations   | 5 6 7 8 10 11 12 | 12.6
Hexes          | 3 |  3.0
Fighting       | 1 5 7 9 |  9.0
Invocations    | 4 5 7 |  7.0
Translocations | 3 |  3.0
Earth Magic    | 3 5 |  5.0
Shields        | 4 |  4.6
Dodging        | |  1.7
Stealth        | |  1.7

Action                   |  1- 3 |  4- 6 |  7- 9 | 10-12 || total
-------------------------+-------+-------+-------+-------++-------
Melee: Unarmed           |     9 |       |       |       ||     9
       Tailslap          |     5 |     4 |    19 |    18 ||    46
       Dagger            |    18 |    65 |   130 |   147 ||   360
 Cast: Magic Dart        |    62 |    46 |    29 |    21 ||   158
       Searing Ray       |     2 |    20 |    37 |    17 ||    76
       Dazzling Spray    |       |     3 |    24 |    70 ||    97
       Iskenderun's Myst |       |       |    86 |   368 ||   454
       Fulminant Prism   |       |       |       |    11 ||    11
       Force Lance       |       |       |       |    17 ||    17
Invok: Divine Energy     |       |       |       |     1 ||     1
       Channel Magic     |       |       |       |     1 ||     1
       Forget Spell      |       |       |       |     2 ||     2
Evoke: Wand              |       |       |     4 |       ||     4
  Use: Potion            |       |     1 |     1 |     8 ||    10
       Scroll            |       |       |       |    20 ||    20
 Stab: Invisible         |       |       |       |     2 ||     2
  Eat: Chunk             |     2 |     8 |    13 |    33 ||    56
       Ration            |       |       |     4 |     4 ||     8
Armor: Skin              |     4 |    45 |   109 |   141 ||   299
Dodge: Dodged            |    21 |    75 |   202 |   275 ||   573
Block: Other             |       |       |       |    25 ||    25
